 Dungeon Crawl Stone Soup version 0.26-a0-753-g4680b4fa2e (webtiles) character file.

Game seed: 16742458109867485880

54 2tc the Insei (level 3, -1/26 HPs)
             Began as a Demonspawn Transmuter on Nov 7, 2020.
             Slain by Sigmund
             ... wielding a +0 scythe
              (13 damage)
             ... on level 3 of the Dungeon.
             The game lasted 00:05:25 (1844 turns).

2tc the Insei (Demonspawn Transmuter)               Turns: 1844, Time: 00:05:25

Health: -1/26      AC:  2    Str: 11    XL:     3   Next: 66%
Magic:  4/6        EV: 12    Int: 20    God:
Gold:   88         SH:  0    Dex: 13    Spells: 0/6 levels left

rFire    + . .     SeeInvis .     - Unarmed
rCold    + . .     Faith    .   (no shield)
rNeg     . . .     Spirit   .   a - +0 robe
rPois    +         Reflect  .   (helmet currently unavailable)
rElec    +         Harm     .   (no cloak)
rCorr    +         Rampage  .   (no gloves)
MR       .....                  (boots currently unavailable)
Stlth    +.........             (no amulet)
HPRegen  0.08/turn              g - +6 ring of intelligence
MPRegen  0.10/turn              (no ring)

@: appendages (expiring), resistant, wereblooded
A: hooves 1, horns 2
a: End Transformation


You were on level 3 of the Dungeon.
You had grown temporary horns.
You visited 1 branch of the dungeon, and saw 3 of its levels.

You collected 88 gold pieces.

Inventory:

Missiles
 b - 5 boomerangs (quivered)
Armour
 a - a +0 robe (worn)
Jewellery
 g - a +6 ring of intelligence (left hand)
Scrolls
 d - a scroll of fear
 e - 2 scrolls of remove curse
Potions
 f - 2 potions of curing
 i - 2 potions of brilliance


   Skills:
 - Level 1.0 Fighting
 - Level 1.7 Dodging
 + Level 3.2 Unarmed Combat
 - Level 2.0 Spellcasting
 * Level 3.2 Transmutations


You couldn't memorise any spells.
You knew the following spells:

 Your Spells              Type           Power        Failure   Level
a - Beastly Appendage     Tmut           ##....       4%          1
b - Wereblood             Tmut           ##......     6%          2
c - Spider Form           Tmut/Pois      #.........   24%         3

Your spell library contained the following spells:

 Spells                   Type           Power        Failure   Level
 Ice Form                 Ice/Tmut       #.......     63%         4
 Blade Hands              Tmut           ##........   75%         5


Dungeon Overview and Level Annotations

Branches:
Dungeon (3/15)

Altars:
Ashenzari
Gozag
Nemelex Xobeh
Qazlal
The Shining One

Annotations:
D:3 Sigmund


Innate Abilities, Weirdness & Mutations

You have large cloven feet.
You have a pair of horns on your head.


Message History

You closely miss the goblin. Your kick misses the goblin.
You howl as the wereblood boils in your veins!
You hear a shout!
The goblin hits you.
You hit the goblin.
You kill the goblin!
The leopard gecko closely misses you.
You hit the leopard gecko. You kick the leopard gecko.
You kill the leopard gecko!
You howl as the wereblood boils in your veins!
Your transformation is almost over.
You hear a shout!
Sigmund the Dreaded comes into view.
He is wielding a +0 scythe.
You feel protected.
Sigmund hits you from afar with a +0 scythe!
You see here a hobgoblin corpse.
You howl as the wereblood boils in your veins!
Sigmund hits you with a +0 scythe!
Ouch! That really hurt!
You die... #..############ #......<†.†@@.# #...#########.# # .# #

You could see Sigmund.

Vanquished Creatures
  An adder (D:2)
  A worm (D:2)
  2 dart slugs (D:2)
  2 leopard geckos
  5 bats
  A giant cockroach (D:2)
  9 goblins
  3 hobgoblins
  3 jackals (D:2)
  A quokka (D:2)
  A frilled lizard (D:2)
  3 kobolds
  2 rats
34 creatures vanquished.

Notes
Turn   | Place    | Note
-------+----------+-------------------------------------------
     0 | D:1      | 2tc the Demonspawn Transmuter began the quest for the Orb.
     0 | D:1      | Reached XP level 1. HP: 15/15 MP: 3/3
   226 | D:1      | Found a glowing golden altar of the Shining One.
   790 | D:1      | Lost mutation: You have razor-sharp toenails. [demonic
                  | ancestry]
   790 | D:1      | Lost mutation: You have sharp toenails. [demonic ancestry]
   790 | D:1      | Gained mutation: You have large cloven feet. [demonic
                  | ancestry]
   790 | D:1      | Reached XP level 2. HP: 18/21 MP: 3/5
   849 | D:1      | Learned a level 2 spell: Wereblood
   979 | D:2      | Reached XP level 3. HP: 26/26 MP: 3/6
  1042 | D:2      | Found a broken altar of Ashenzari.
  1046 | D:2      | Found a stormy altar of Qazlal.
  1046 | D:2      | Found an opulent altar of Gozag.
  1046 | D:2      | Found a sparkling altar of Nemelex Xobeh.
  1422 | D:2      | Learned a level 3 spell: Spider Form
  1841 | D:3      | Noticed Sigmund
  1844 | D:3      | Slain by Sigmund

Illustrated notes

Levels and vault maps discovered:
D:1:      ncdulo_halloftheorcs, layout_basic, minmay_misc_feat_enclosed,
          tso_altar
D:2:      layout_basic, grunt_temple_overflow_open
D:3:      layout_loops_ring, kennysheep_slug_shrine, hangedman_decor_push,
          uniq_sigmund, uniq_crazy_yiuf_cottage

Skill      XL: |  1  2  3 |
---------------+----------+-----
Transmutations | 2 3 |  3.2
Unarmed Combat | 3 |  3.2
Fighting       | |  1.0
Dodging        | |  1.7
Spellcasting   | |  2.0

Action                   || total
-------------------------++-------
Melee: Unarmed           ||    96
       Kick              ||    23
       Headbutt          ||     6
       Punch             ||     1
 Cast: Beastly Appendage ||    12
       Wereblood         ||     2
  Use: Scroll            ||     6
       Potion            ||     3
 Stab: Sleeping          ||     1
Armor: Robe              ||    24
       Skin              ||     1
Dodge: Dodged            ||    79

Table legend: (Time is in decaauts)
 A = Elapsed time spent in this place.
 B = Non-inter-level travel time spent in this place.
 C = Inter-level travel time spent in this place.
 D = Time resting spent in this place.
 E = Time spent auto-exploring this place.
 F = Levels seen in this place.
 G = Mean time per level.
                   A        B        C        D        E       F      G
               +--------+--------+--------+--------+--------+-----+--------+
         Total |   1838 |   1808 |     30 |    450 |   1097 |   3 |  612.7 |
       Dungeon |   1838 |   1808 |     30 |    450 |   1097 |   3 |  612.7 |
               +--------+--------+--------+--------+--------+-----+--------+

Top non-repeatable levels by time:
     D:2: 932 daAuts
     D:1: 890 daAuts
     D:3: 15 daAuts
